 Dungeon Crawl Stone Soup version 0.27-a0-1051-g288ea87c7c (webtiles) character file.

Game seed: 17528253434035871126

239953 spiderkeys the Warrior (level 19, -4/155 HPs)
             Began as a Demonspawn Abyssal Knight on Apr 20, 2021.
             Was the Champion of Lugonu.
             Slain by a war gargoyle
             ... wielding a +0 great mace
              (24 damage)
             ... on level 4 of the Vaults.
             The game lasted 01:44:04 (36862 turns).

spiderkeys the Warrior (Demonspawn Abyssal Knight) Turns: 36862, Time: 01:44:04

Health: -4/155     AC: 31    Str: 21    XL:     19   Next: 3%
Magic:  30/30      EV: 13    Int: 23    God:    Lugonu [******]
Gold:   1115       SH: 12    Dex: 12    Spells: 28/39 levels left

rFire    + . .     SeeInvis +   L - +7 trident of Embarrassment {vamp, Int+7 Dex-3}
rCold    + . .     Faith    .   Z - +2 buckler {rC+}
rNeg     . . .     Spirit   .   r - +8 chain mail of Paseoriu {Str+3}
rPois    .         Reflect  +   t - +2 helmet
rElec    .         Harm     .   i - +2 cloak
rCorr    .         Rampage  .   U - +2 pair of gloves
Will     +....                  (boots unavailable)
Stlth    ..........             j - amulet of reflection
HPRegen  0.35/turn              F - ring of protection from fire
MPRegen  0.22/turn              v - ring of see invisible

@: studying 2 skills
A: hooves 3, thin skeletal structure 1, ignite blood 3, powered by death 3, low
mp 1
}: 1/15 runes: decaying
a: Renounce Religion, Depart the Abyss, Bend Space, Banish, Corrupt, Enter the
Abyss, Brand Weapon With Distortion


You were on level 4 of the Vaults.
You worshipped Lugonu.
Lugonu was exalted by your worship.
You visited 8 branches of the dungeon, and saw 34 of its levels.
You visited the Abyss 1 time.
You also visited: Sewer and Bailey.

You collected 3344 gold pieces.
You spent 2229 gold pieces at shops.


Innate Abilities, Weirdness & Mutations

You have hooves in place of feet.
You have a somewhat thin skeletal structure. (Dex +2, Stealth+)
Your demonic aura causes all spilled blood to erupt in flames.
You regenerate a lot of health from kills.
Your magical capacity is low. (-10% MP)


   Skills:
 + Level 15.1 Fighting
 - Level 15.0 Polearms
 * Level 12.0 Armour
 - Level 14.7 Dodging
 - Level 4.0 Shields
 - Level 10.5 Spellcasting
 - Level 7.0 Necromancy
 * Level 11.0 Transmutations
 - Level 12.0 Invocations


You had 28 spell levels left.
You knew the following spells:

 Your Spells              Type           Power      Damage    Failure   Level
a - Animate Skeleton      Necr           88%        N/A       1%          1
d - Animate Dead          Necr           22%        N/A       19%         4
s - Statue Form           Tmut/Erth      24%        N/A       99%         6

Your spell library contained the following spells:

 Spells                   Type           Power      Damage    Failure   Level
 Pain                     Necr           100%       1d9       1%          1
 Passwall                 Tmut/Erth      30%        N/A       4%          2
 Vampiric Draining        Necr           22%        2d9       5%          3
 Ignite Poison            Fire/Tmut/Pois 29%        N/A       22%         3
 Apportation              Tloc           24%        N/A       32%         1
 Corona                   Hex            13%        N/A       32%         1
 Summon Small Mammal      Summ           48%        N/A       32%         1
 Petrify                  Tmut/Erth      37%        N/A       32%         4
 Poisonous Vapours        Pois/Air       24%        N/A       43%         2
 Slow                     Hex            12%        N/A       43%         2
 Agony                    Necr           44%        N/A       45%         5
 Confusing Touch          Hex            12%        N/A       67%         3
 Conjure Flame            Conj/Fire      12%        6-21      67%         3
 Gell's Gravitas          Tloc           6%         N/A       67%         3
 Inner Flame              Hex/Fire       12%        N/A       67%         3
 Lesser Beckoning         Tloc           6%         N/A       67%         3
 Mephitic Cloud           Conj/Pois/Air  12%        N/A       67%         3
 Portal Projectile        Hex/Tloc       24%        N/A       67%         3
 Swiftness                Air            12%        N/A       67%         3
 Tukima's Dance           Hex            12%        N/A       67%         3
 Alistair's Intoxication  Tmut/Pois      24%        N/A       67%         5
 Yara's Violent Unravell  Hex/Tmut       18%        3d9       67%         5
 Animate Armour           Summ/Erth      24%        N/A       97%         4
 Cause Fear               Hex            6%         N/A       97%         4
 Leda's Liquefaction      Hex/Erth       6%         N/A       97%         4
 Passage of Golubria      Tloc           N/A        N/A       97%         4
 Bolt of Magma            Conj/Fire/Erth 6%         4d6       100%        5
 Fireball                 Conj/Fire      6%         3d5       100%        5
 Lee's Rapid Deconstruct  Erth           6%         3d7*      100%        5
 Metabolic Englaciation   Hex/Ice        6%         N/A       100%        5
 Freezing Cloud           Conj/Ice/Air   6%         6-21      100%        6
 Invisibility             Hex            12%        N/A       100%        6
 Iron Shot                Conj/Erth      6%         9d2       100%        6
 Starburst                Conj/Fire      6%         8x6d4     100%        6
 Haunt                    Necr/Summ      14%        N/A       100%        7
 Malign Gateway           Summ/Tloc      6%         N/A       100%        7
 Monstrous Menagerie      Summ           6%         N/A       100%        7
 Ignition                 Fire           6%         3d4       100%        8
 Summon Horrible Things   Summ           6%         N/A       100%        8
 Shatter                  Erth           6%         3d9*      100%        9

Inventory:

Hand Weapons
 w - the +7 arbalest of Infinity {speed, Drain rElec rCorr Stlth+}
   (You found it on level 5 of the Lair of Beasts)

   Attacks with this weapon are significantly faster.
   It insulates you from electricity.
   It protects you from acid and corrosion.
   It drains your maximum health when unequipped.
   It makes you more stealthy.
 L - the +7 trident of Embarrassment (weapon) {vamp, Int+7 Dex-3}
   (You found it on level 10 of the Dungeon)

   It inflicts no extra harm, but heals its wielder when it wounds a living foe.
   It affects your intelligence (+7).
   It affects your dexterity (-3).
 T - the +9 bardiche of Saockila {elec, rC+}
   (You found it on level 14 of the Dungeon)

   Occasionally, upon striking a foe, it can discharge electrical energy and
   cause terrible harm.
   It protects you from cold.
Missiles
 C - 27 javelins
 J - 3 throwing nets {=f!f}
Armour
 i - a +2 cloak (worn)
   (You found it on level 1 of the Dungeon)
 p - the +7 ring mail "Amutwiz" {-Cast rPois Will+++ Str+5}
   (You bought it in a shop on level 2 of the Orcish Mines)

   It affects your strength (+5).
   It protects you from poison.
   It prevents spellcasting.
   It greatly increases your willpower.
 r - the +8 chain mail of Paseoriu (worn) {Str+3}
   (You found it on level 4 of the Swamp)

   It affects your strength (+3).
 t - a +2 helmet (worn)
   (You found it on level 11 of the Dungeon)
 R - a +4 troll leather armour
   (You found it on level 2 of the Orcish Mines)
 U - a +2 pair of gloves (worn)
   (You found it on level 1 of the Lair of Beasts)
 Z - a +2 buckler of cold resistance (worn)
   (You took it off a tengu reaver on level 2 of the Vaults)
Jewellery
 g - an amulet of regeneration
   (You found it on level 7 of the Dungeon)
 j - an amulet of reflection (around neck)
   (You found it on level 9 of the Dungeon)
 v - a ring of see invisible (right hand)
   (You found it on level 3 of the Lair of Beasts)
 E - a +4 ring of evasion
   (You found it on level 1 of the Dungeon)
 F - a ring of protection from fire (left hand)
   (You found it on level 11 of the Dungeon)
Wands
 a - a wand of iceblast (47)
   (You found it on level 9 of the Dungeon)
 b - a wand of flame (68)
   (You took it off a crimson imp on level 8 of the Dungeon)
 y - a wand of mindburst (30)
   (You took it off an orc on level 6 of the Dungeon)
 H - a wand of charming (48)
   (You found it on level 8 of the Dungeon)
 O - a wand of acid (13)
   (You found it on level 6 of the Lair of Beasts)
 P - a wand of paralysis (21)
   (You found it on level 2 of the Vaults)
Scrolls
 k - a scroll of brand weapon
 m - 12 scrolls of teleportation {@r4}
 s - 14 scrolls of identify {@r1}
 u - 6 scrolls of enchant weapon
 x - 6 scrolls of fear
 B - 6 scrolls of immolation {!r!r}
 G - a scroll of enchant armour
 I - a scroll of silence {!r}
 M - 2 scrolls of holy word {!r}
 N - 6 scrolls of fog
 V - 4 scrolls of blinking {!r}
 Y - 3 scrolls of summoning
Potions
 d - 4 potions of brilliance
 e - 4 potions of haste {@q3}
 h - 5 potions of lignification {!q}
 l - 7 potions of attraction {!q}
 n - 11 potions of curing {@q1}
 q - 7 potions of flight
 z - 4 potions of invisibility
 A - 2 potions of might
 D - 2 potions of mutation {!q}
 K - a potion of resistance
 Q - 2 potions of berserk rage {!q}
 S - 3 potions of ambrosia
 X - 2 potions of cancellation
Miscellaneous
 c - a phantom mirror
   (You found it on level 1 of the Vaults)
 f - a box of beasts
   (You found it on level 11 of the Dungeon)

Dungeon Overview and Level Annotations

Branches:
Dungeon (15/15)            Temple (1/1) D:6            Lair (6/6) D:11
  Swamp (4/4) Lair:2        Snake (1/4) Lair:3        Slime (0/5) Lair:5
    Orc (2/2) D:11            Elf (0/3) Orc:2        Vaults (4/5) D:14
  Crypt (0/3) Vaults:3     Depths (1/5) D:15          Sewer (visited)
 Bailey (visited)

Altars:
Cheibriados
Dithmenos
Elyvilon
Fedhas
Kikubaaqudgha
Makhleb
Nemelex Xobeh
Okawaru
Qazlal
Ru
Uskayaw
Vehumet
Wu Jian
Xom
Beogh
Jiyva

Shops:
D:4 !   D:11 *   Orc:2 [[=!   Vaults:1 [   Vaults:3 (*

Annotations:
D:5 3 runed translucent doors, HendSelp's ghost, novice MiGl
Lair:5 3 runed translucent doors, Orlauf's ghost, journeyman DsGl
Swamp:1 3 runed translucent doors, Ypsiuj's ghost, adept GnSk
Swamp:4 corrupted
Abyss:1 Eustachio

,,* *,,,,,,* ,,*
*,,,,,,* ,,*
******** ++****
######* ,,,,,*
#.....##*##
,,,,,*
*#.....##.##
,,,,,*
*#..#.....#
,,,,,* *#...[<°#*
,,,,,* ##..9@°##
,,,,,*
######..○.○.#*
,,,,,*
#.........#..#
,,,,,*
#......##....#
,,,,,*
#......###...#
^,,,,* #......#
*#..# ,,,,,*
##.....# *#.#
,,,,,* ##....#
*##
,,,,,****####'#**


You could see a war gargoyle (strong, catching breath).


Message History

You hit the ironbound convoker but do no damage.
The war gargoyle launches metal splinters at you.
The spray of metal splinters hits you but does no damage.
The ironbound convoker is engulfed in blazing flames.
The ironbound convoker hits you but does no damage. 😕 HP[+2]
You regained 2 hp, and now have 121/155 hp.
You closely miss the ironbound convoker.
You kick the ironbound convoker, but do no damage.
The war gargoyle is engulfed in blazing flames.
The war gargoyle misses you. 😕 HP[+2]
You regained 2 hp, and now have 123/155 hp.
You hit the ironbound convoker.
You feel better.
You kick the ironbound convoker, but do no damage.
The ironbound convoker is engulfed in blazing flames.
The ironbound convoker misses you.
The war gargoyle is engulfed in blazing flames.
The war gargoyle hits you with a +0 great mace. 😕 HP[+2]
You regained 2 hp, and now have 125/155 hp.
You hit the ironbound convoker.
You kick the ironbound convoker! 😕 HP[+2]
You regained 2 hp, and now have 127/155 hp.
You puncture the ironbound convoker!
You feel better.
Your kick misses the ironbound convoker.
The war gargoyle hits you with a +0 great mace!
The ironbound convoker is engulfed in blazing flames.
The ironbound convoker closely misses you. 😕 HP[-3]
You take 3 damage, and now have 124/155 hp.
You puncture the ironbound convoker!
You feel better.
You kick the ironbound convoker.
You kill the ironbound convoker!
Lugonu accepts your kill.
The war gargoyle is engulfed in blazing flames.
You block the war gargoyle's attack. 😕 HP[+6]
You regained 6 hp, and now have 130/155 hp.
The war gargoyle launches metal splinters at you.
The spray of metal splinters hits you!!
Things that are here:
a +0 morningstar of protection; a +0 scale mail; a human corpse 😮 HP[-20]
You take 20 damage, and now have 110/155 hp.
You hit the war gargoyle. You kick the war gargoyle.
The war gargoyle is engulfed in blazing flames.
The war gargoyle launches metal splinters at you.
The spray of metal splinters hits you but does no damage. 😮 HP[+1]
You hit the war gargoyle but do no damage.
You kick the war gargoyle, but do no damage.
The war gargoyle is engulfed in blazing flames.
The war gargoyle hits you with a +0 great mace!! 😮 HP[-20]
You take 20 damage, and now have 91/155 hp.
You puncture the war gargoyle!
You kick the war gargoyle, but do no damage.
The war gargoyle hits you with a +0 great mace!
* * * LOW HITPOINT WARNING * * *
😨 HP[-15]
You take 15 damage, and now have 76/155 hp.
You puncture the war gargoyle!
You kick the war gargoyle, but do no damage.
The war gargoyle hits you with a +0 great mace!!!
* * * LOW HITPOINT WARNING * * *
😱 HP[-41]
You take 41 damage, and now have 35/155 hp.
MASSIVE DAMAGE!! (PAUSE)
You hit the war gargoyle. Your kick misses the war gargoyle.
The war gargoyle hits you with a +0 great mace!!
* * * LOW HITPOINT WARNING * * *
😱 HP[-29]
You take 29 damage, and now have 6/155 hp.
You feel much better.
The war gargoyle hits you with a +0 great mace!!
* * * LOW HITPOINT WARNING * * *
😱 HP[-3]
You take 3 damage, and now have 3/155 hp.
You feel much better.
The war gargoyle hits you with a +0 great mace.
* * * LOW HITPOINT WARNING * * *
😱 HP[+22]
You regained 22 hp, and now have 25/155 hp.
You hit the war gargoyle.
You block the war gargoyle's attack. 😱 HP[+1]
You hit the war gargoyle but do no damage.
You kick the war gargoyle, but do no damage.
The war gargoyle hits you with a +0 great mace!
* * * LOW HITPOINT WARNING * * *
😱 HP[-7]
You take 7 damage, and now have 19/155 hp.
You hit the war gargoyle but do no damage.
The war gargoyle launches metal splinters at you.
The spray of metal splinters misses you.
You hit the war gargoyle but do no damage.
You block the war gargoyle's attack.
You hit the war gargoyle but do no damage.
The war gargoyle hits you with a +0 great mace!!
You die...

Skill      XL: |  1  2  3  4  5  6  7  8  9 10 11 12 13 14 15 16 17 18 |
---------------+-------------------------------------------------------+-----
Polearms       | 2 3 4 5 6 7 8 10 11 12 13 14 15 | 15.0
Armour         | 2 3 4 5 6 9 12 | 12.0
Dodging        | 2 4 6 8 9 11 12 13 14 | 14.7
Invocations    | 3 4 6 7 8 9 10 12 | 12.0
Fighting       | 4 5 6 7 8 9 10 11 12 13 14 15 | 15.1
Spellcasting   | 4 5 7 8 9 10 | 10.5
Shields        | 1 2 4 |  4.0
Necromancy     | 4 5 7 |  7.0
Transmutations | 4 8 11 | 11.0

Action                   |  1- 3 |  4- 6 |  7- 9 | 10-12 | 13-15 | 16-18 | 19-21 || total
-------------------------+-------+-------+-------+-------+-------+-------+-------++-------
Melee: Spear             |     6 |   245 |   150 |       |       |       |       ||   401
       Kick              |       |    43 |   112 |   106 |   336 |   668 |    33 ||  1298
       Trident           |       |       |   302 |   554 |  1329 |  1905 |    63 ||  4153
Throw: Javelin           |       |       |       |       |       |     1 |       ||     1
 Cast: Animate Dead      |       |       |       |     1 |     3 |     1 |       ||     5
Invok: Banish            |       |       |     1 |     5 |       |       |       ||     6
       Bend Space        |       |       |       |       |     1 |       |       ||     1
       Corrupt           |       |       |       |       |       |     1 |       ||     1
Evoke: Wand              |       |       |       |       |       |     3 |       ||     3
       Box of beasts     |       |       |       |       |       |     1 |       ||     1
  Use: Potion            |     1 |       |     2 |     4 |     3 |     4 |     2 ||    16
       Scroll            |       |     9 |     8 |    13 |    12 |     3 |     1 ||    46
 Stab: Sleeping          |       |     1 |     4 |     8 |    10 |     3 |       ||    26
       Distracted        |       |       |     1 |       |     4 |     6 |       ||    11
       Petrified         |       |       |       |       |     2 |       |       ||     2
Armor: Leather armour    |     4 |    31 |    32 |   140 |   186 |       |       ||   393
       Plate armour      |       |    48 |   179 |       |       |       |       ||   227
       Troll leather arm |       |       |       |       |    14 |    67 |       ||    81
       Ring mail         |       |       |       |       |       |   208 |       ||   208
       Chain mail        |       |       |       |       |       |   116 |    15 ||   131
Dodge: Dodged            |     5 |   142 |   223 |   351 |   756 |   575 |     9 ||  2061
Block: Buckler           |       |    24 |    51 |   101 |   207 |   591 |    25 ||   999
       Reflection        |       |       |       |       |       |    30 |       ||    30

Levels and vault maps discovered:
D:1:      matt_arrival_los_fun, layout_rooms, hellmonk_ecumenical_altar_lost_god
D:2:      layout_basic, amcnicky_mini_rare_corridor_liquid,
          minmay_joined_circles, uniq_sigmund
D:3:      layout_rooms, serial_undead, serial_undead_b, serial_undead_a,
          serial_undead_b, serial_undead_d, dk_noncrumbling_2
D:4:      layout_loops_ring, nicolae_uskayaw_murder_on_the_dancefloor,
          serial_shops, shop
D:5:      layout_loops_ring, nicolae_ru_awakened_eye,
          nicolae_overflow_hidden_temple, gammafunk_ghost_icy,
          portal_sewer_entry_a, roderic_lattice_a, uniq_eustachio
D:6:      layout_loops_ring, minmay_temple_entry_junction_2
D:7:      layout_basic, amethyst_overflow_temple_binary, minmay_diced_spiral
D:8:      layout_loops_cross, grunt_temple_overflow_lords_of_destruction,
          old_standard_altar
D:9:      layout_cave_pools, chequers_temple_overflow_minitemple,
          minmay_hedge_maze
D:10:     layout_basic
D:11:     minmay_glassy_protrusions, layout_cave_pools,
          erik_lair_orcish_takeover, david_orc_3, serial_shops,
          nicolae_shop_behind_doors, enter_bailey_7, uniq_grum
D:12:     layout_cave_pods, serial_rivers, chequers_serial_rivers_small_b,
          chequers_serial_rivers_small_b, chequers_serial_rivers_small_a,
          chequers_serial_rivers_micro_c, gauntlet_entry_generic, uniq_psyche,
          uniq_maurice, uniq_rupert
D:13:     layout_loops_cross, fiery_altar_vehumet
D:14:     minmay_guarded_unrand_guard, layout_basic, david_vaults_1,
          nicolae_dithmenos_shadow_blocks, uniq_agnes
D:15:     gammafunk_enter_depths_forms, layout_loops_ring, elyvilon_altar_3,
          minmay_misc_feat_columns, fedhas_altar_2
Temple:   nicolae_temple_figure_zero
Lair:1:   layout_gridlike, chequers_serial_rivers_room_b
Lair:2:   layout_layer_cave, swamp_mist, basic_altar, roderic_batcave,
          lemuel_fruit_tree
Lair:3:   layout_regular_city, guppyfry_snake_entry_garden, grunt_megastairs_1
Lair:4:   layout_layer_cave, lemuel_fruit_fields
Lair:5:   nzn_winding_woodlands_medium [nzn_winding_woodlands_5x5_default,
          nzn_winding_woodlands_5x15_garden, nzn_winding_woodlands_5x5_three,
          nzn_winding_woodlands_5x5_default,
          nzn_winding_woodlands_center_pierced_h,
          nzn_winding_woodlands_5x5_closed_star,
          nzn_winding_woodlands_5x5_perimeter,
          nzn_winding_woodlands_5x15_split_checker,
          nzn_winding_woodlands_5x5_checkerboard], layout_cave_pods,
          slime_altar_1, gammafunk_ghost_necromancy,
          chequers_serial_rivers_micro_e, bobbens_ice_dragon_lair
Lair:6:   minmay_lair_end_enchanted_forest, layout_gridlike
Swamp:1:  layout_falls_marsh, gammafunk_ghost_hydra_chop, nicolae_swamp_oxbows,
          swamp_pool4, cheibrodos_swamp_witchery
Swamp:2:  layout_falls_marsh, nicolae_swamp_small_spring,
          infiniplex_staircase_pool
Swamp:3:  layout_basic_swamp, nicolae_swamp_some_circles,
          nicolae_swamp_necromancer_hut
Swamp:4:  swamp, layout_basic_swamp, uniq_kirke
Snake:1:  gammafunk_the_bubble [the_bubble_gammafunk_plus_minus], layout_onion
Orc:1:    nicolae_orc_accident_2, layout_caves, basic_altar, rock_pile
Orc:2:    st_orc_ogre_mass, layout_caves
Vaults:1: grunt_vaults_twisty, v_misc_11, nicolae_vaults_network_star,
          v_misc_22, nicolae_vaults_network_periphery, hangedman_vaults_locks,
          vaults_room_pool, nicolae_vaults_twisting_passages,
          ontoclasm_vaults_hangar, nicolae_vaults_gold_heap,
          vaults_dpeg_diagonal, vaults_room_pools, layout_vaults_omnicross,
          serial_shops, shop
Vaults:2: vaults_dpeg_cross, nicolae_vaults_network_barrier, v_misc_4,
          v_misc_12, nicolae_vaults_arrows, nicolae_vaults_puzzle_piece,
          ontoclasm_vaults_ring_large, vaults_room_pools,
          nicolae_vaults_specimen_jars, v_misc_28, ontoclasm_vaults_gateway,
          vaults_room_stairs_pillars, vaults_room_door_ring,
          layout_vaults_omnibox
Vaults:3: vaults_room_corners, minmay_crypt_entry_simple_round,
          ontoclasm_vaults_pinch, vaults_mumra_hexcomb, layout_vaults_omnigrid,
          serial_shops, shop, shop_fountains
Vaults:4: nicolae_vaults_fighting_squares, v_rooms_2,
          hangedman_vaults_variations, hangedman_vaults_restitches, v_misc_27,
          hangedman_vaults_snaps, hangedman_vaults_corner,
          ontoclasm_vaults_twist, hangedman_vaults_corner_blocks,
          vaults_room_stairs_pillars, nicolae_vaults_little_squares_1,
          layout_vaults_ring, portal_desolation_entry_nicolae_nacl,
          serial_shops, shop, uniq_mara
Depths:1: layout_cave_shapes, infiniplex_enter_wizlab_spiral,
          grunt_hell_entry_dis_grunt, grunt_ministairs_6, minivault_15,
          bloody_trog, grunt_megastairs_3

Notes
Turn   | Place    | Note
-------+----------+-------------------------------------------
     0 | Abyss:1  | spiderkeys the Demonspawn Abyssal Knight began the quest
                  | for the Orb.
     0 | Abyss:1  | Reached XP level 1. HP: 18/18 MP: 2/2
     0 | Abyss:1  | magus.rc [v1.9.10]
    76 | Abyss:1  | You pick up a book of Misfortune and begin reading...
    76 | Abyss:1  | You add the spells Confusing Touch, Gell's Gravitas,
                  | Petrify, Metabolic Englaciation and Yara's Violent
                  | Unravelling to your library.
    86 | Abyss:1  | Noticed a chaos spawn
   100 | Abyss:1  | Noticed a quasit
   101 | Abyss:1  | Noticed a neqoxec
   114 | Abyss:1  | Gained mutation: Your magical capacity is low. (-10% MP) [a
                  | neqoxec]
   121 | Abyss:1  | HP: 6/27 [quasit (1)]
   122 | Abyss:1  | Killed a neqoxec
   123 | Abyss:1  | Reached skill level 2 in Polearms
   123 | Abyss:1  | Reached skill level 2 in Armour
   123 | Abyss:1  | Reached skill level 2 in Dodging
   123 | Abyss:1  | Reached skill level 3 in Invocations
   123 | Abyss:1  | Gained mutation: You regenerate a little health from kills.
                  | [demonic ancestry]
   123 | Abyss:1  | Reached XP level 2. HP: 8/25 MP: 4/4
   123 | Abyss:1  | Gained mutation: You have large cloven feet. [demonic
                  | ancestry]
   123 | Abyss:1  | Reached XP level 3. HP: 9/30 MP: 5/5
   123 | Abyss:1  | Gained mutation: Your demonic aura sometimes causes spilled
                  | blood to erupt in flames [demonic ancestry]
   123 | Abyss:1  | Reached XP level 4. HP: 11/37 MP: 6/6
   125 | D:1      | You pass through the gate.
   125 | D:1      | Escaped the Abyss
   126 | D:1      | HP: 11/55 [quasit (1)]
   131 | D:1      | Reached XP level 5. HP: 10/42 MP: 7/7
   522 | D:1      | Identified the +1 leather armour "Yteffuate" {Rampage rC+
                  | Will+}
   526 | D:1      | Found a faded altar of an unknown god.
  1134 | D:2      | Reached ** piety under Lugonu
  1148 | D:2      | Noticed Sigmund
  1394 | D:2      | Reached skill level 4 in Invocations
  1616 | D:2      | Reached skill level 3 in Polearms
  2031 | D:2      | You fall into a shaft and drop 1 floor!
  2227 | D:3      | You pick up a book of Necromancy and begin reading...
  2227 | D:3      | You add the spells Pain, Animate Skeleton, Vampiric
                  | Draining, Animate Dead and Agony to your library.
  2429 | D:3      | Reached skill level 4 in Fighting
  2698 | D:4      | Gained mutation: You have a somewhat thin skeletal
                  | structure. (Dex +2, Stealth+) [demonic ancestry]
  2698 | D:4      | Reached XP level 6. HP: 48/48 MP: 8/8
  2711 | D:4      | Reached skill level 3 in Armour
  3000 | D:4      | Found a hide-covered altar of Uskayaw.
  3193 | D:4      | Found Lobrewk's Distillery.
  3201 | D:4      | Bought a potion of curing for 42 gold pieces
  3201 | D:4      | Bought a potion of heal wounds for 70 gold pieces
  3223 | D:5      | Entered Level 5 of the Dungeon
  3243 | D:5      | Found a glowing drain.
  3265 | Sewer    | Entered a sewer
  3375 | Sewer    | Reached *** piety under Lugonu
  3527 | D:5      | Found a runed translucent gate.
  3527 | D:5      | Found a runed translucent gate.
  3529 | D:5      | Found a runed translucent gate.
  3541 | D:5      | Noticed a water moccasin
  3548 | D:5      | Killed a water moccasin
  3549 | D:5      | Reached skill level 4 in Polearms
  3549 | D:5      | Gained mutation: You regenerate health from kills. [demonic
                  | ancestry]
  3549 | D:5      | Reached XP level 7. HP: 31/55 MP: 9/9
  3776 | D:5      | Found a shimmering altar of Xom.
  3780 | D:5      | Found a snail-covered altar of Cheibriados.
  3782 | D:5      | Found an ancient bone altar of Kikubaaqudgha.
  3849 | D:5      | Found a sacrificial altar of Ru.
  3952 | D:5      | Noticed Eustachio
  3954 | D:5      | Banished Eustachio
  3955 | D:5      | Reached skill level 5 in Invocations
  4429 | D:5      | Noticed HendSelp's ghost (novice MiGl)
  4501 | D:5      | Reached skill level 5 in Fighting
  4501 | D:5      | Reached skill level 5 in Polearms
  4501 | D:5      | Reached skill level 4 in Armour
  5441 | D:2      | Killed Sigmund
  5442 | D:2      | Reached skill level 6 in Invocations
  5442 | D:2      | Gained mutation: You have hoof-like feet. [demonic
                  | ancestry]
  5442 | D:2      | Reached XP level 8. HP: 52/62 MP: 11/11
  5967 | D:6      | You pick up a book of Debilitation and begin reading...
  5967 | D:6      | You add the spells Corona, Slow, Inner Flame, Portal
                  | Projectile, Cause Fear and Leda's Liquefaction to your
                  | library.
  6481 | D:6      | Reached skill level 6 in Polearms
  6546 | D:6      | Found a staircase to the Ecumenical Temple.
  6608 | D:6      | Reached **** piety under Lugonu
  6750 | D:6      | Identified a scroll of acquirement
  6750 | D:6      | Acquired a manual of Spellcasting
  6847 | D:6      | Reached skill level 7 in Invocations
  6963 | D:6      | Reached skill level 6 in Fighting
  6963 | D:6      | Reached skill level 5 in Armour
  7232 | Temple   | Entered the Ecumenical Temple
  7299 | D:7      | Gained mutation: Your demonic aura often causes spilled
                  | blood to erupt in flames [demonic ancestry]
  7299 | D:7      | Reached XP level 9. HP: 68/69 MP: 12/12
  7352 | D:7      | Reached skill level 1 in Spellcasting
  7622 | D:7      | Reached skill level 3 in Dodging
  7622 | D:7      | Reached skill level 2 in Spellcasting
  7695 | D:7      | Reached skill level 7 in Polearms
  7742 | D:7      | Found a stormy altar of Qazlal.
  7742 | D:7      | Found an iron altar of Okawaru.
  7991 | D:8      | Noticed a two-headed ogre
  7997 | D:8      | Killed a two-headed ogre
  7998 | D:8      | Reached skill level 3 in Spellcasting
  8060 | D:8      | Reached skill level 4 in Dodging
  8089 | D:8      | Reached skill level 8 in Invocations
  8176 | D:8      | Found an ornate altar of the Wu Jian Council.
  8380 | D:8      | You pick up a book of Clouds and begin reading...
  8380 | D:8      | You add the spells Poisonous Vapours, Mephitic Cloud,
                  | Conjure Flame and Freezing Cloud to your library.
  8545 | D:8      | Found a radiant altar of Vehumet.
  8545 | D:8      | Found a burning altar of Makhleb.
  8847 | D:4      | Bought a potion of heal wounds for 70 gold pieces
  8847 | D:4      | Bought a potion of heal wounds for 70 gold pieces
  8847 | D:4      | Bought a potion of heal wounds for 70 gold pieces
  8997 | D:9      | Reached skill level 1 in Shields
  8999 | D:9      | Reached skill level 4 in Spellcasting
  9064 | D:9      | Gained mutation: Your demonic aura causes all spilled blood
                  | to erupt in flames. [demonic ancestry]
  9064 | D:9      | Reached XP level 10. HP: 77/77 MP: 14/14
  9237 | D:9      | Found a faded altar of an unknown god.
  9237 | D:9      | Found a faded altar of an unknown god.
  9244 | D:9      | Found a sparkling altar of Nemelex Xobeh.
  9246 | D:9      | Found a shadowy altar of Dithmenos.
  9292 | D:9      | Paralysed by a hornet for 1 turns
  9295 | D:9      | Paralysed by a hornet for 2 turns
  9436 | D:9      | Reached skill level 8 in Polearms
  9601 | D:9      | Learned a level 1 spell: Animate Skeleton
  9623 | D:10     | Entered Level 10 of the Dungeon
  9671 | D:10     | Reached skill level 5 in Dodging
  9674 | D:10     | Reached skill level 7 in Fighting
  9729 | D:10     | Reached ***** piety under Lugonu
  9730 | D:10     | Reached skill level 2 in Shields
  9751 | D:10     | Identified the +7 trident of Embarrassment {vamp, Int+7
                  | Dex-3}
  9774 | D:10     | Noticed a two-headed ogre
  9784 | D:10     | Reached skill level 5 in Spellcasting
  9784 | D:10     | Killed a two-headed ogre
  9785 | D:10     | Reached skill level 9 in Invocations
  9791 | D:10     | Reached skill level 6 in Dodging
 10436 | D:11     | Found a staircase to the Orcish Mines.
 10459 | D:11     | Reached XP level 11. HP: 54/84 MP: 17/17
 10474 | D:11     | HP: 21/84 [something (5)]
 10475 | D:11     | HP: 10/84 [something (8)]
 10477 | D:11     | Reached skill level 1 in Necromancy
 10528 | D:11     | Reached skill level 9 in Polearms
 10528 | D:11     | Reached skill level 3 in Shields
 10567 | D:11     | Found Ygheh's Assorted Antiques.
 10604 | D:11     | Found a flagged portal.
 10604 | D:11     | Noticed a two-headed ogre
 10604 | D:11     | Noticed a six-headed hydra
 10607 | D:11     | Killed a six-headed hydra
 10608 | D:11     | Reached skill level 6 in Spellcasting
 10614 | D:11     | Killed a two-headed ogre
 10635 | Bailey   | Entered a bailey
 10802 | Bailey   | Reached skill level 2 in Necromancy
 10905 | Bailey   | Reached skill level 7 in Dodging
 11414 | D:11     | Noticed Grum
 11478 | D:11     | Killed Grum
 11530 | D:11     | Found a staircase to the Lair.
 11757 | D:11     | Noticed a sphinx
 11757 | D:11     | Noticed a fire dragon
 11789 | D:11     | Killed a sphinx
 11790 | D:11     | Reached skill level 8 in Fighting
 11790 | D:11     | Reached skill level 4 in Shields
 11790 | D:11     | Reached skill level 3 in Necromancy
 11797 | D:11     | Noticed a purple ugly thing
 11802 | D:11     | Killed a purple ugly thing
 11803 | D:11     | Reached skill level 7 in Spellcasting
 11803 | D:11     | Noticed a flayed ghost
 11809 | D:11     | Killed a flayed ghost
 11858 | D:11     | Banished a fire dragon
 11859 | D:11     | Reached skill level 10 in Polearms
 12087 | D:12     | Noticed Rupert
 12099 | D:12     | Killed Rupert
 12100 | D:12     | Reached skill level 8 in Dodging
 12100 | D:12     | Reached skill level 4 in Necromancy
 12100 | D:12     | Gained mutation: You regenerate a lot of health from kills.
                  | [demonic ancestry]
 12100 | D:12     | Reached XP level 12. HP: 56/94 MP: 20/20
 12803 | D:12     | Noticed Maurice
 12813 | D:12     | Killed Maurice
 12917 | D:12     | Noticed Psyche
 12922 | D:12     | Killed Psyche
 13090 | D:13     | Noticed a boulder beetle
 13102 | D:13     | HP: 11/94 [boulder beetle (52)]
 13172 | D:13     | Banished a boulder beetle
 13173 | D:13     | Reached skill level 5 in Necromancy
 13234 | D:13     | Learned a level 4 spell: Animate Dead
 13366 | D:13     | Noticed a centaur warrior
 13376 | D:13     | Killed a centaur warrior
 13377 | D:13     | Found a radiant altar of Vehumet.
 13415 | D:13     | Reached skill level 9 in Fighting
 13415 | D:13     | Reached skill level 9 in Dodging
 13681 | D:13     | Noticed a two-headed ogre
 13686 | D:13     | Killed a two-headed ogre
 13823 | Lair:1   | Entered Level 1 of the Lair of Beasts
 13891 | Lair:1   | Reached skill level 11 in Polearms
 14089 | Lair:1   | You pick up a book of Cantrips and begin reading...
 14089 | Lair:1   | You add the spells Summon Small Mammal and Apportation to
                  | your library.
 14234 | Lair:1   | Noticed a six-headed hydra
 14240 | Lair:1   | Killed a six-headed hydra
 14780 | Lair:2   | Found a staircase to the Swamp.
 14979 | Lair:2   | Reached XP level 13. HP: 43/101 MP: 16/21
 14981 | Lair:2   | Reached skill level 10 in Dodging
 15619 | Lair:2   | Found a shadowy altar of Dithmenos.
 16202 | Lair:3   | Found a staircase to the Snake Pit.
 16294 | Lair:3   | Reached skill level 12 in Polearms
 16298 | Lair:3   | Reached skill level 10 in Fighting
 16838 | Lair:4   | Reached skill level 10 in Invocations
 17116 | Lair:4   | Found the +10 morningstar "Eos" {elec, Halo rElec}
 17158 | Lair:4   | Reached skill level 11 in Dodging
 17286 | Lair:4   | HP: 21/104 [death yak (22)]
 17290 | Lair:4   | HP: 4/104 [death yak (21)]
 17434 | Lair:4   | You fall into a shaft and drop 2 floors!
 17434 | Lair:6   | Entered Level 6 of the Lair of Beasts
 17537 | Lair:5   | Reached XP level 14. HP: 111/111 MP: 22/22
 17617 | Lair:5   | Reached ****** piety under Lugonu
 17666 | Lair:5   | Found a runed translucent gate.
 17666 | Lair:5   | Found a runed translucent gate.
 17667 | Lair:5   | Found a runed translucent gate.
 17804 | Lair:5   | Reached skill level 11 in Invocations
 17831 | Lair:5   | Found a viscous altar of Jiyva.
 17831 | Lair:5   | Found a staircase to the Slime Pits.
 17887 | Lair:5   | Identified the +7 arbalest of Infinity {speed, Drain rElec
                  | rCorr Stlth+}
 18175 | Lair:5   | Reached skill level 13 in Polearms
 18791 | Lair:5   | Noticed Orlauf's ghost (journeyman DsGl)
 18950 | Lair:4   | You pick up a book of the Earth and begin reading...
 18950 | Lair:4   | You add the spells Animate Armour, Bolt of Magma, Statue
                  | Form, Iron Shot and Shatter to your library.
 19474 | Lair:5   | HP: 25/111 [poisoned by a black mamba]
 19619 | Lair:6   | Reached skill level 12 in Dodging
 19725 | Lair:6   | Reached skill level 11 in Fighting
 20146 | Lair:6   | Reached skill level 8 in Spellcasting
 20314 | Lair:6   | Reached skill level 12 in Invocations
 20536 | Lair:6   | Reached XP level 15. HP: 119/119 MP: 24/24
 20884 | Orc:1    | Entered Level 1 of the Orcish Mines
 21595 | Orc:2    | Entered Level 2 of the Orcish Mines
 21625 | Orc:1    | Reached skill level 14 in Polearms
 21625 | Orc:1    | Reached skill level 9 in Spellcasting
 21761 | Orc:2    | Reached skill level 13 in Dodging
 21854 | Orc:2    | Found a staircase to the Elven Halls.
 21872 | Orc:2    | Found Neamatee's Antique Armour Shop.
 21872 | Orc:2    | Found Logaej's Distillery.
 21872 | Orc:2    | Found Vuiwobue's Armour Emporium.
 21872 | Orc:2    | Found Omixujam's Jewellery Shop.
 21957 | Orc:2    | Reached skill level 12 in Fighting
 22011 | Orc:2    | Bought a potion of heal wounds for 50 gold pieces
 22011 | Orc:2    | Bought a potion of curing for 30 gold pieces
 22011 | Orc:2    | Bought a potion of curing for 30 gold pieces
 22011 | Orc:2    | Bought a potion of curing for 30 gold pieces
 22309 | Orc:2    | Bought a potion of resistance for 100 gold pieces
 22309 | Orc:2    | Bought a potion of berserk rage for 50 gold pieces
 22309 | Orc:2    | Bought a potion of invisibility for 80 gold pieces
 22844 | D:14     | Found a gate to the Vaults.
 23037 | D:14     | Found a shadowy altar of Dithmenos.
 23055 | D:14     | Noticed Agnes
 23071 | D:14     | HP: 21/120 [Agnes/+1 lajatang of distortion (36)]
 23074 | D:14     | Killed Agnes
 23414 | D:14     | Noticed a frost giant
 23415 | D:14     | Noticed a storm dragon
 23423 | D:14     | Gained mutation: You have hooves in place of feet. [demonic
                  | ancestry]
 23423 | D:14     | Reached XP level 16. HP: 127/127 MP: 26/26
 23443 | D:14     | Killed a storm dragon
 23444 | D:14     | Reached skill level 15 in Polearms
 23444 | D:14     | Reached skill level 14 in Dodging
 23549 | D:14     | Identified the +9 bardiche of Saockila {elec, rC+}
 23798 | D:15     | Entered Level 15 of the Dungeon
 23811 | D:15     | You pick up a book of Burglary and begin reading...
 23811 | D:15     | You add the spells Passwall, Swiftness, Passage of
                  | Golubria, Lee's Rapid Deconstruction and Invisibility to
                  | your library.
 23878 | D:15     | Found a blossoming altar of Fedhas.
 24258 | D:15     | Reached skill level 6 in Necromancy
 24284 | D:15     | Reached skill level 10 in Spellcasting
 24865 | D:15     | Found a staircase to the Depths.
 24986 | D:15     | magus.rc [v1.9.10]
 25208 | Snake:1  | Entered Level 1 of the Snake Pit
 25270 | Swamp:1  | Entered Level 1 of the Swamp
 25513 | Swamp:1  | HP: 31/125 [will-o-the-wisp/foxfire (7)]
 25514 | Swamp:1  | HP: 4/125 [will-o-the-wisp/foxfire (13)]
 25787 | Swamp:1  | Learned a level 6 spell: Statue Form
 25963 | Swamp:1  | Reached skill level 7 in Necromancy
 25963 | Swamp:1  | Reached skill level 1 in Transmutations
 26074 | Swamp:1  | HP: 32/129 [poisoned by a swamp dragon (poison gas)]
 26266 | Swamp:1  | Found a runed translucent gate.
 26267 | Swamp:1  | Found a runed translucent gate.
 26268 | Swamp:1  | Found a runed translucent gate.
 26270 | Swamp:1  | Noticed Ypsiuj's ghost (adept GnSk)
 26478 | Swamp:2  | Reached skill level 2 in Transmutations
 26712 | Depths:1 | Entered Level 1 of the Depths
 26716 | Depths:1 | Noticed a tengu reaver
 26922 | Orc:2    | Bought the +7 ring mail "Amutwiz" {-Cast rPois Will+++
                  | Str+5} for 778 gold pieces
 27114 | D:4      | Bought a potion of cancellation for 112 gold pieces
 27114 | D:4      | Bought a potion of might for 56 gold pieces
 27114 | D:4      | Bought a potion of ambrosia for 112 gold pieces
 27114 | D:4      | Bought a potion of invisibility for 112 gold pieces
 27287 | D:11     | Bought a scroll of enchant armour for 262 gold pieces
 27378 | Swamp:2  | Noticed a thorn hunter
 27389 | Swamp:1  | Reached skill level 13 in Fighting
 27496 | Swamp:2  | You pick up a book of Fire and begin reading...
 27496 | Swamp:2  | You add the spells Ignite Poison, Fireball, Starburst and
                  | Ignition to your library.
 27665 | Swamp:2  | Reached skill level 6 in Armour
 27728 | Swamp:2  | HP: 31/130 [thorn hunter (15)]
 27734 | Swamp:2  | HP: 5/130 [thorn hunter/volley of thorns (23)]
 27736 | Swamp:2  | Killed a thorn hunter
 27737 | Swamp:2  | Reached skill level 3 in Transmutations
 28619 | Swamp:3  | Reached skill level 4 in Transmutations
 28666 | Swamp:3  | Reached XP level 17. HP: 137/137 MP: 28/28
 28757 | Swamp:3  | Reached skill level 7 in Armour
 29312 | Swamp:4  | Entered Level 4 of the Swamp
 29312 | Swamp:4  | Noticed Kirke
 29329 | Swamp:3  | Reached skill level 5 in Transmutations
 29501 | Swamp:3  | Killed Kirke
 29758 | Swamp:4  | HP: 32/137 [poison (dark miasma)]
 29762 | Swamp:4  | HP: 15/137 [poison (dark miasma)]
 30460 | Swamp:4  | Noticed the 27-headed Lernaean hydra
 30502 | Swamp:4  | Corrupted Swamp:4
 30507 | Swamp:4  | Killed the 27-headed Lernaean hydra
 30508 | Swamp:4  | Reached skill level 8 in Armour
 30508 | Swamp:4  | Reached skill level 6 in Transmutations
 30701 | Swamp:4  | You pick up a book of Misfortune and begin reading...
 30984 | Swamp:4  | Identified the +8 chain mail of Paseoriu {Str+3}
 31013 | Swamp:4  | Got a decaying rune of Zot
 31465 | Vaults:1 | Entered Level 1 of the Vaults
 31639 | Vaults:1 | You add the spells Haunt, Monstrous Menagerie, Malign
                  | Gateway and Summon Horrible Things to your library.
 31689 | Vaults:1 | Reached skill level 7 in Transmutations
 31763 | Vaults:1 | Reached skill level 9 in Armour
 32252 | Vaults:1 | Reached skill level 14 in Fighting
 32272 | Vaults:1 | Reached skill level 8 in Transmutations
 32543 | Vaults:1 | Found Usol's Antique Armour Shoppe.
 32597 | Vaults:1 | Reached XP level 18. HP: 103/146 MP: 29/29
 32618 | Vaults:1 | Reached skill level 10 in Armour
 32967 | Vaults:1 | HP: 26/133 [vault warden/+3 great mace of draining (14)]
 32977 | Vaults:1 | Reached skill level 9 in Transmutations
 34085 | Vaults:2 | Reached skill level 11 in Armour
 34140 | Vaults:2 | Reached skill level 10 in Transmutations
 35045 | Vaults:3 | You pick up a book of Party Tricks and begin reading...
 35045 | Vaults:3 | You add the spells Lesser Beckoning, Tukima's Dance and
                  | Alistair's Intoxication to your library.
 35113 | Vaults:3 | Paralysed by a great orb of eyes for 7 turns
 35561 | Vaults:3 | Found the +8 frozen axe "Frostbite" {freezing cloud, *Noise
                  | Fly rC+}
 35630 | Vaults:3 | Found Neufai's General Store.
 35644 | Vaults:3 | Bought a potion of heal wounds for 105 gold pieces
 35740 | Vaults:3 | Found Woj Xeog's Antique Weapon Shop.
 35807 | Vaults:3 | Found a staircase to the Crypt.
 35815 | Vaults:3 | Reached skill level 15 in Fighting
 36345 | Vaults:3 | Reached skill level 12 in Armour
 36356 | Vaults:3 | Reached skill level 11 in Transmutations
 36356 | Vaults:3 | Reached XP level 19. HP: 108/155 MP: 30/30
 36854 | Vaults:4 | HP: 35/155 [war gargoyle/+0 great mace (42)]
 36855 | Vaults:4 | HP: 6/155 [war gargoyle/+0 great mace (30)]
 36862 | Vaults:4 | Slain by a war gargoyle

Vanquished Creatures
  Rupert (D:12)
  2 thorn hunters
  3 sphinxes
  Kirke (Swamp:3)
  A tengu reaver (Vaults:2)
  A storm dragon (D:14)
  2 fenstrider witches
  An orc warlord (Vaults:1)
  A frost giant (D:14)
  5 vault wardens
  9 ironbound preservers
  7 very ugly things
  A dire elephant (Vaults:3)
  3 bunyips
  An ettin (Orc:2)
  2 crystal guardians (Vaults:2)
  4 yaktaur captains
  6 great orbs of eyes
  A shambling mangrove (Swamp:3)
  3 ironbound thunderhulks
  5 boulder beetles
  An ice dragon (Lair:5)
  2 vault guards
  2 ghost crabs (Swamp:1)
  27 hydras
  6 ogre magi
  6 ironbound frosthearts
  A peacekeeper (Vaults:2)
  9 centaur warriors
  4 catoblepae
  4 alligators
  7 death yaks
  29 two-headed ogres
  5 ironbound beastmasters
  A deep troll earth mage (D:14)
  3 tengu warriors
  2 orc high priests
  A deep elf knight (D:14)
  39 slime creatures
  3 bunyip zombies (Swamp:3)
  5 goliath frogs
  5 wizards
  A flayed ghost (D:11)
  18 deep trolls
  2 bog bodies
  A glowing orange brain (D:15)
  3 spriggan druids
  9 lindwurms
  6 swamp dragons
  A death drake (Swamp:4)
  6 orc knights
  8 ironbound convokers
  4 necromancers
  A deep elf pyromancer (D:14)
  A wolf spider (D:14)
  5 cyclopes
  8 will-o-the-wisps
  3 manticores
  An orc sorcerer (Orc:2)
  19 ugly things
  A stone giant zombie (Vaults:1)
  12 elephants
  A stone giant skeleton (Vaults:1)
  Maurice (D:12)
  7 black mambas
  2 gargoyles (D:14)
  15 vault sentinels
  A torpor snail (Lair:5)
  16 cane toads
  Psyche (D:12)
  3 unseen horrors
  4 rime drakes
  17 yaktaurs
  A komodo dragon (shapeshifter) (D:15)
  2 freezing wraiths
  6 trolls
  7 komodo dragons
  9 polar bears
  7 tyrant leeches
  14 hornets
  2 saltlings
  19 dream sheep
  3 alligator zombies (Swamp:3)
  8 blink frogs
  A dream sheep (shapeshifter) (D:15)
  A vampire (D:12)
  Sigmund (D:2)
  A spriggan (shapeshifter) (D:14)
  2 wraiths
  22 spriggans
  A shadow (D:10)
  4 wyverns
  7 basilisks
  45 yaks
  A fire elemental (Lair:6)
  A hog (Swamp:4)
  Grum (D:11)
  A neqoxec (Abyss:1)
  6 vampire mosquitoes
  8 swamp worms
  9 wargs
  4 nagas (Lair:3)
  A hydra simulacrum (Swamp:3)
  2 acid dragons
  33 water moccasins
  7 swamp drakes (Swamp:4)
  27 orc warriors
  An ice beast (D:7)
  5 black bears
  A necrophage (D:8)
  26 ogres
  29 wolves
  3 boggarts (Lair:6)
  18 centaurs
  A kobold brigand (Sewer)
  12 bullfrogs
  A human zombie (Vaults:1)
  2 gnoll sergeants
  A wyvern zombie (D:6)
  3 howler monkeys (D:7)
  3 wights (D:9)
  An electric eel (Lair:6)
  A crimson imp (D:8)
  2 centaur zombies
  3 hounds
  3 jellies
  A quasit (D:1)
  A centaur skeleton (D:6)
  2 gnoll shamans (D:9)
  11 orc priests
  4 iguanas
  21 orc wizards
  A hell rat (Lair:5)
  A killer bee zombie (D:9)
  A hound skeleton (D:3)
  A howler monkey zombie (D:7)
  21 gnolls
  4 adders
  2 river rats (Sewer)
  A shadow imp (D:7)
  4 white imps
  An ufetubus (D:7)
  An adder skeleton (D:3)
  7 dart slugs
  A worm (D:2)
  79 orcs
  4 endoplasms
  4 giant cockroaches
  3 goblins
  10 hobgoblins
  5 jackals
  2 quokkas
  12 ball pythons
  A ball python skeleton (D:3)
  13 bats
  4 frilled lizards
  10 kobolds
  5 rats
1018 creatures vanquished.

Vanquished Creatures (collateral kills)
  A tengu warrior (D:14)
  A dream sheep (Lair:4)
  A yak (Lair:4)
  An ogre (Orc:2)
4 creatures vanquished.

Vanquished Creatures (others)
  the Lernaean hydra (Swamp:4)
  Agnes (D:14)
  An eleionoma (Swamp:4)
  5 hydras (Swamp:4)
  A goliath frog (Swamp:3)
  6 swamp dragons (Swamp:4)
  A bunyip simulacrum (Swamp:3)
  3 bloated husks
  A spriggan (Swamp:3)
  2 humans (Swamp:4)
  2 swamp drakes (Swamp:4)
  18 foxfires
  28 fungi
  54 plants
124 creatures vanquished.

Grand Total: 1146 creatures vanquished

Table legend:
 A = Non-vault XP
 B = Vault XP
 C = Vault XP percentage of total XP
 D = Non-vault monster count
 E = Vault monster count
 F = Vault count percentage of total count
                 A         B        C        D         E       F
            +---------+---------+-------+---------+---------+-------
      Total |  222667 |  157216 |  41.4 |     644 |     387 |  37.5
            +---------+---------+-------+---------+---------+-------
        D:1 |     107 |       0 |   0.0 |      17 |       0 |   0.0
        D:2 |      45 |     249 |  84.7 |      18 |      16 |  47.1
        D:3 |      12 |      24 |  66.7 |       7 |       3 |  30.0
        D:4 |      71 |       0 |   0.0 |      13 |       0 |   0.0
        D:5 |     729 |     201 |  21.6 |      16 |       5 |  23.8
        D:6 |    1023 |       0 |   0.0 |      22 |       0 |   0.0
        D:7 |     651 |     149 |  18.6 |      14 |       4 |  22.2
        D:8 |    1786 |      50 |   2.7 |      20 |       1 |   4.8
        D:9 |     945 |       0 |   0.0 |      22 |       0 |   0.0
       D:10 |    3852 |     536 |  12.2 |      15 |       5 |  25.0
       D:11 |    2384 |    5902 |  71.2 |       4 |      22 |  84.6
       D:12 |    1663 |    3824 |  69.7 |       5 |       3 |  37.5
       D:13 |    3604 |       0 |   0.0 |       4 |       0 |   0.0
       D:14 |   11997 |   13893 |  53.7 |      30 |      18 |  37.5
       D:15 |   15473 |    4865 |  23.9 |      30 |       8 |  21.1
     Lair:1 |    6144 |       0 |   0.0 |      27 |       0 |   0.0
     Lair:2 |    4316 |      13 |   0.3 |      13 |      10 |  43.5
     Lair:3 |    5867 |    1176 |  16.7 |      24 |       6 |  20.0
     Lair:4 |   15467 |       0 |   0.0 |      39 |       0 |   0.0
     Lair:5 |    6363 |    7371 |  53.7 |      16 |      22 |  57.9
     Lair:6 |   19825 |    8241 |  29.4 |      59 |      44 |  42.7
    Swamp:1 |   12810 |    1905 |  12.9 |      26 |       1 |   3.7
    Swamp:2 |    8256 |       0 |   0.0 |      15 |       0 |   0.0
    Swamp:3 |   19684 |    6360 |  24.4 |      29 |      10 |  25.6
    Swamp:4 |    5790 |   12523 |  68.4 |      11 |      19 |  63.3
      Orc:1 |    4531 |    1786 |  28.3 |      27 |       8 |  22.9
      Orc:2 |    8383 |   16734 |  66.6 |      44 |      36 |  45.0
   Vaults:1 |   29566 |   29461 |  49.9 |      37 |      43 |  53.8
   Vaults:2 |   15623 |   30017 |  65.8 |      19 |      36 |  65.5
   Vaults:3 |   14790 |    7548 |  33.8 |      18 |      13 |  41.9
   Vaults:4 |     723 |    2000 |  73.4 |       2 |       6 |  75.0
    Abyss:1 |     187 |       0 |   0.0 |       1 |       0 |   0.0
      Sewer |       0 |     138 | 100.0 |       0 |       9 | 100.0
     Bailey |       0 |    2250 | 100.0 |       0 |      39 | 100.0
            +---------+---------+-------+---------+---------+-------

Illustrated notes

Table legend:
 A = Kills in this place as a percentage of kills in entire the game.
 B = Kills by you in this place as a percentage of kills by you in the entire game.
 C = Kills by friends in this place as a percentage of kills by friends in the entire game.
 D = Other kills in this place as a percentage of other kills in the entire game.
 E = Experience gained in this place as a percentage of experience gained in the entire game.
 F = Experience gained in this place divided by the number of levels of this place that you have seen.
                   A       B       C       D       E      F
               +-------+-------+-------+-------+-------+----------------------
         Total | 100.0 | 100.0 | 100.0 | 100.0 | 100.0 | 10267.1
       Dungeon |  31.2 |  31.0 |  25.0 |  55.6 |  19.5 | 4935.7
          Lair |  25.2 |  25.3 |  50.0 |   0.0 |  19.7 | 12463.8
         Swamp |  10.8 |  10.5 |   0.0 |  44.4 |  17.7 | 16832.0
  Orcish Mines |  11.2 |  11.2 |  25.0 |   0.0 |   8.3 | 15717.0
        Vaults |  16.9 |  17.1 |   0.0 |   0.0 |  34.1 | 32432.0
         Abyss |   0.1 |   0.1 |   0.0 |   0.0 |   0.0 | 187.0
         Sewer |   0.9 |   0.9 |   0.0 |   0.0 |   0.0 | 138.0
        Bailey |   3.8 |   3.8 |   0.0 |   0.0 |   0.6 | 2250.0
               +-------+-------+-------+-------+-------+----------------------

Table legend: (Time is in decaauts)
 A = Elapsed time spent in this place.
 B = Non-inter-level travel time spent in this place.
 C = Inter-level travel time spent in this place.
 D = Time resting spent in this place.
 E = Time spent auto-exploring this place.
 F = Levels seen in this place.
 G = Mean time per level.
                   A        B        C        D        E       F      G
               +--------+--------+--------+--------+--------+-----+--------+
         Total |  36061 |  32919 |   3142 |   3828 |  21413 |  37 |  974.6 |
       Dungeon |  16187 |  14200 |   1987 |   1820 |   9316 |  15 | 1079.1 |
        Temple |      1 |      1 |      0 |      0 |      0 |   1 |    1.0 |
          Lair |   7088 |   6502 |    586 |     48 |   5204 |   6 | 1181.3 |
         Swamp |   5283 |   5029 |    254 |   1495 |   2309 |   4 | 1320.8 |
     Snake Pit |      1 |      1 |      0 |      0 |      0 |   1 |    1.0 |
  Orcish Mines |   1346 |   1242 |    104 |    100 |    732 |   2 |  673.0 |
        Vaults |   5021 |   4812 |    209 |    364 |   3190 |   4 | 1255.2 |
        Depths |      7 |      7 |      0 |      0 |      0 |   1 |    7.0 |
         Abyss |    122 |    122 |      0 |      0 |     85 |   1 |  122.0 |
         Sewer |    265 |    265 |      0 |      0 |    200 |   1 |  265.0 |
        Bailey |    734 |    734 |      0 |      0 |    375 |   1 |  734.0 |
               +--------+--------+--------+--------+--------+-----+--------+

Top non-repeatable levels by time:
     D:5: 1873 daAuts
     D:2: 1776 daAuts
Vaults:3: 1699 daAuts
Vaults:2: 1680 daAuts
 Swamp:4: 1672 daAuts
  Lair:5: 1604 daAuts
Vaults:1: 1583 daAuts
    D:14: 1551 daAuts
 Swamp:1: 1387 daAuts
  Lair:2: 1320 daAuts
 Swamp:3: 1250 daAuts
    D:15: 1230 daAuts
     D:6: 1167 daAuts
  Lair:6: 1165 daAuts
    D:12: 1161 daAuts
